 Dungeon Crawl Stone Soup version 0.29.1-1-gd02db6906a (webtiles) character file.

Game seed: 15717391610659770681

11359 oldmanjim the Martial Artist (level 11, -9/82 (90) HPs)
             Began as an Octopode Transmuter on Oct 21, 2022.
             Was a High Priest of Okawaru.
             Mangled by a centaur warrior
             ... wielding the +13 scythe of Curses {drain, Drain}
              (15 damage)
             ... on level 9 of the Dungeon on Oct 22, 2022.
             The game lasted 01:46:10 (14336 turns).

oldmanjim the Martial Artist (Octopode Transmuter) Turns: 14336, Time: 01:46:11

HP:   -9/82 (90)    AC:  9    Str: 11    XL:     11   Next: 76%
MP:   29/29         EV: 19    Int: 19    God:    Okawaru [*****.]
Gold: 90            SH:  0    Dex: 12    Spells: 12/22 levels left

rFire   x . .      SeeInvis .     - Unarmed
rCold   + + +      Faith    .   (shield currently unavailable)
rNeg    + . .      Spirit   .   (helmet currently unavailable)
rPois   +          Reflect  .   f - amulet of magic regeneration
rElec   .          Harm     .   q - +4 ring of evasion
rCorr   +          Rampage  .   o - +4 ring of evasion
Will    .....                   R - ring "Kidaute" {rPois rN+ MP+9 Slay+2}
Stlth   +.........              K - ring of resist corrosion
HPRegen 0.23/turn               (no ring)
MPRegen 0.61/turn               (no ring)
                                (no ring)
                                (no ring)

@: ice-form, slowed, drained, very slow
A: freezing attack, boosted hp, almost no armour, amphibious, 8 rings, large,
(camouflage 1), (gelatinous body 1), (nimble swimmer 1), (tentacles)
a: End Transformation, Renounce Religion, Heroism, Finesse, Duel


You were on level 9 of the Dungeon.
You worshipped Okawaru.
Okawaru was extremely pleased with you.
You were a creature of crystalline ice.
You visited 2 branches of the dungeon, and saw 10 of its levels.
You also visited: Ossuary.

You collected 819 gold pieces.
You spent 729 gold pieces at shops.

Inventory:

Hand Weapons
 u - the +7 mace of Xom's Hope (melded) {elec, rN+ Will+ Int+6}
   (You found it on level 3 of the Dungeon)

   It occasionally discharges a powerful burst of electricity upon striking a
   foe.
   Int:       It affects your intelligence (+6).
   rN:        It protects you from negative energy.
   Will:      It increases your willpower.
 F - a +0 sling
 Q - the +9 lajatang "Bousoig" {flame, Will+ Str+4 Int+4}
   (You found it on level 7 of the Dungeon)

   It burns those it strikes, dealing additional fire damage.
   Big, fiery blades are also staple armaments of hydra-hunters.
   Str:       It affects your strength (+4).
   Int:       It affects your intelligence (+4).
   Will:      It increases your willpower.
 Y - a +2 sling of flaming
Missiles
 e - 39 stones
 m - 9 curare-tipped darts
 w - 16 boomerangs
 x - 4 datura-tipped darts (quivered)
 I - a throwing net
 L - 13 poisoned darts
 W - a silver boomerang
Armour
 p - a +0 buckler
Jewellery
 f - an amulet of magic regeneration (around neck)
 o - a +4 ring of evasion (right front paw)
 q - a +4 ring of evasion (left front paw)
 K - a ring of resist corrosion (on tentacle)
 P - an amulet of faith
 R - the ring "Kidaute" (on tentacle) {rPois rN+ MP+9 Slay+2}
   (You bought it in a shop on level 4 of the Dungeon)

   [ring of magical power]

   Slay:      It affects your accuracy & damage with ranged weapons and melee
   (+2).
   rPois:     It protects you from poison.
   rN:        It protects you from negative energy.
   MP:        It affects your magic capacity (+9).
Wands
 B - a wand of acid (10)
 H - a wand of flame (19)
 J - a wand of mindburst (14)
 O - a wand of paralysis (10)
 S - a wand of iceblast (2)
Scrolls
 b - a scroll of fear {unknown}
 c - 5 scrolls of teleportation
 d - 4 scrolls of magic mapping
 g - a scroll of vulnerability {unknown}
 h - 2 scrolls of enchant armour {unknown}
 i - 2 scrolls of amnesia {unknown}
 r - a scroll of acquirement {unknown}
 t - 3 scrolls of immolation
 y - a scroll of torment {unknown}
 C - 3 scrolls of enchant weapon {unknown}
 E - 3 scrolls of poison
 T - a scroll of summoning
 V - a scroll of blinking
Potions
 a - a potion of lignification
 j - 5 potions of curing
 k - 4 potions of mutation
 l - 2 potions of heal wounds
 n - 3 potions of invisibility
 s - 3 potions of might
 v - a potion of cancellation
 z - a potion of ambrosia
 A - 3 potions of resistance
 D - 2 potions of flight
 G - a potion of haste
 M - a potion of berserk rage
 N - 2 potions of attraction
Miscellaneous
 U - a condenser vane
 X - a condenser vane


   Skills:
 + Level 7.4 Fighting
 - Level 5.0 Dodging
 + Level 10.1 Unarmed Combat
 - Level 6.0 Spellcasting
 - Level 2.0 Translocations
 + Level 7.4 Transmutations
 - Level 4.0 Ice Magic
 - Level 3.0 Poison Magic
 - Level 7.0 Invocations
 - Level 3.0 Evocations


You had 12 spell levels left.
You knew the following spells:

 Your Spells              Type           Power      Damage    Failure   Level
a - Beastly Appendage     Tmut           68%        N/A       1%          1
b - Spider Form           Tmut/Pois      25%        N/A       4%          3
c - Ice Form              Ice/Tmut       27%        N/A       11%         4
d - Blink                 Tloc           26%        N/A       8%          2

Your spell library contained the following spells:

 Spells                   Type           Power      Damage    Failure   Level
 Wereblood                Tmut           34%        N/A       1%          2
 Apportation              Tloc           26%        N/A       4%          1
 Ensorcelled Hibernation  Hex/Ice        26%        N/A       8%          2
 Necrotise                Necr           20%        1d5       11%         1
 Slow                     Hex            20%        N/A       11%         1
 Lesser Beckoning         Tloc           13%        N/A       14%         3
 Sublimation of Blood     Necr           5%         N/A       17%         2
 Confusing Touch          Hex            5%         N/A       32%         3
 Vampiric Draining        Necr           5%         2d6       32%         3
 Anguish                  Hex/Necr       2%         N/A       73%         4
 Manifold Assault         Tloc           13%        N/A       80%         5
 Summon Small Mammal      Summ           Unusable   N/A       N/A         1
 Summon Hydra             Summ           Unusable   N/A       N/A         7

Dungeon Overview and Level Annotations

Branches:
Dungeon (9/15)             Temple (1/1) D:7         Ossuary (visited)
   Lair: D:8-11         Orc: D:9-12

Altars:
Dithmenos
Gozag
Makhleb
Okawaru
Qazlal
Trog
Uskayaw
Vehumet
Wu Jian
Xom
Yredelemnul
Zin

Shops:
D:1 (*   D:2 ?   D:3 =!(   D:4 =   D:5 :??![   D:7 !


Innate Abilities, Weirdness & Mutations

You are a creature of crystalline ice.
You have a powerful freezing melee attack.
Your maximum health is increased.
Your armour is entirely melded.
You are incapable of wielding weapons or throwing items.
You cannot wear most types of armour.
You are amphibious.
You can wear up to eight rings at the same time.
((Your skin changes colour to match your surroundings (Stealth+).))
((Your rubbery body absorbs attacks. (AC +1, EV +1)))
((You are camouflaged when in or above water. (Stealth+)))
((You have tentacles for arms and can constrict up to eight enemies at once.))


Message History

There is a stone staircase leading down, spattered with blood here.
You start resting.
HP restored.
Casting: Ice Form (dangerous; 7% risk of failure)
Confirm with . or Enter, or press ? or * to list all spells.
You turn into a creature of crystalline ice.
The +7 mace of Xom's Hope {elec, rN+ Will+ Int+6} melds into your body.
The +7 mace of Xom's Hope {elec, rN+ Will+ Int+6} stops crackling.
You climb downwards.
The centaur warrior unwields a +0 shortbow.
The centaur warrior wields the +13 scythe of Curses {drain, Drain}.
You sense an unholy aura.
The centaur warrior barely misses you.
The centaur warrior kicks you but does no damage.
There is a stone staircase leading up here.
You pummel the centaur warrior!! You freeze the centaur warrior!
The centaur warrior is severely wounded.
The centaur warrior hits you with the +13 scythe of Curses {drain, Drain}!
You partially resist.
You feel drained.
You feel horribly lethargic.
You feel yourself slow down. The centaur warrior kicks you.
You punch the centaur warrior! You freeze the centaur warrior.
The centaur warrior is almost dead.
The centaur warrior completely misses you. x2
You hit the centaur warrior but do no damage.
The centaur warrior is almost dead.
The centaur warrior hits you with the +13 scythe of Curses {drain, Drain}!
You partially resist.
You feel drained. Pain shoots through your body!
The centaur warrior completely misses you.
The centaur warrior drinks a potion.
The centaur warrior is healed!
You barely miss the centaur warrior.
The centaur warrior is severely wounded.
The centaur warrior hits you with the +13 scythe of Curses {drain, Drain}!!
* * * LOW HITPOINT WARNING * * *
You partially resist.
You feel drained.
* * * LOW HITPOINT WARNING * * *
Your body is wracked with pain!
* * * LOW HITPOINT WARNING * * *
The centaur warrior kicks you.
* * * LOW HITPOINT WARNING * * *
The centaur warrior hits you with the +13 scythe of Curses {drain, Drain}!
You die...

#.##.#.#...#.#.#....#
#....#.......#.#....#
#....#.#####.#.#..}.#
#..............#....#
#.....###......#....#
####.....###......#)...#
#.........#......##....#
#.#.....c.#..###....####
#.#....Y#.#.#[.###...##.
#.#######...#.#..###....
#.#.......#.#.###..###..
#.#c#####^#.#.#!###..###
#.#.# #...#.....###..#
..#.# ###.#.#.###.....
#.# #.#.###....#.. #.#
#.#.#....###.. #.#
#.#....###.#..


You could see a centaur warrior.

Vanquished Creatures
  A hydra (D:7)
  2 centaur warriors (D:9)
  A tengu warrior (D:8)
  2 ugly things (D:9)
  A manticore (D:9)
  A tengu conjurer (D:9)
  A troll (D:7)
  A hornet (D:7)
  A slime creature (D:9)
  A shadow (D:9)
  5 yaks (D:9)
  2 wyverns (D:9)
  A wraith (D:9)
  Menkaure (D:6)
  A steam dragon (D:7)
  4 water moccasins
  Duvessa (D:5)
  4 orc warriors
  8 black bears
  5 ice beasts
  4 sky beasts (D:7)
  2 ogres (D:7)
  3 centaurs
  2 phantoms
  Blork the orc (D:5)
  3 kobold brigands
  5 bullfrogs
  2 necrophages
  4 scorpions
  5 wights (D:7)
  Dowan (D:5)
  4 killer bees
  4 orc priests
  3 jellies
  3 gnoll boudas
  5 hounds
  3 iguanas (D:5)
  12 orc wizards
  8 mummies (Ossuary)
  7 adders
  7 gnolls
  A shadow imp (D:7)
  A white imp (D:5)
  3 ufetubi
  3 worms
  2 dart slugs (D:1)
  59 orcs
  6 endoplasms
  A giant cockroach (D:4)
  2 gnoll zombies (Ossuary)
  3 hobgoblins
  21 kobolds
  4 quokkas
  6 ball pythons
  8 bats
  3 frilled lizards
  5 goblins
  A hobgoblin zombie (Ossuary)
  3 kobold zombies (Ossuary)
  2 orc zombies (Ossuary)
  3 rats
269 creatures vanquished.

Vanquished Creatures (others)
  An orc (D:8)
1 creature vanquished.

Grand Total: 270 creatures vanquished

Notes
Turn   | Place    | Note
-------+----------+-------------------------------------------
     0 | D:1      | oldmanjim the Octopode Transmuter began the quest for the
                  | Orb.
     0 | D:1      | Reached XP level 1. HP: 13/13 MP: 3/3
   302 | D:1      | Reached XP level 2. HP: 12/18 MP: 5/5
   662 | D:1      | Found Jyaj's Assorted Antiques.
   667 | D:1      | Bought a scroll labelled NEESHR VENOGOUR for 25 gold pieces
  1148 | D:1      | Found Qer Ximu's Antique Weapon Emporium.
  1462 | D:1      | Reached XP level 3. HP: 23/23 MP: 4/6
  1466 | D:1      | Learned a level 3 spell: Spider Form
  1632 | D:2      | Found a faded altar of an unknown god.
  2017 | D:2      | Reached skill level 1 in Poison Magic
  2428 | D:2      | Found Ymmaih's Magic Scroll Emporium.
  2436 | D:2      | Bought a scroll of teleportation for 42 gold pieces
  2436 | D:2      | Bought a scroll of identify for 28 gold pieces
  2560 | D:3      | Reached XP level 4. HP: 27/28 MP: 7/7
  2628 | D:3      | Found an iron altar of Okawaru.
  2633 | D:3      | Became a worshipper of Warmaster Okawaru
  2655 | D:3      | Found Oxuekuv's Distillery.
  2704 | D:3      | Bought a potion of might for 44 gold pieces
  2708 | D:3      | Found Siakof's Jewellery Boutique.
  2853 | D:3      | Noticed an air elemental
  2855 | D:3      | Found a stormy altar of Qazlal.
  2858 | D:3      | Noticed an earth elemental
  2858 | D:3      | Noticed a fire elemental
  2858 | D:3      | Noticed a water elemental
  2878 | D:3      | Found Uthrusk's Weapon Shop.
  2942 | D:3      | Identified the +7 mace of Xom's Hope {elec, rN+ Will+
                  | Int+6}
  3277 | D:4      | Found Ykka's Jewellery Emporium.
  3345 | D:4      | Found a sand-covered staircase.
  3354 | Ossuary  | Entered an ossuary
  3365 | Ossuary  | Reached XP level 5. HP: 29/33 MP: 8/8
  4322 | D:4      | Reached XP level 6. HP: 29/39 MP: 8/10
  4656 | D:4      | Noticed a black bear
  4781 | D:4      | Killed a black bear
  4782 | D:4      | Reached skill level 4 in Unarmed Combat
  5073 | D:4      | Reached XP level 7. HP: 13/46 MP: 11/11
  5317 | D:4      | Found a radiant altar of Vehumet.
  5411 | D:5      | Entered Level 5 of the Dungeon
  5411 | D:5      | Found Rahoirch's Armour Boutique.
  5426 | D:5      | Found Voati's Distillery.
  5466 | D:5      | Reached * piety under Okawaru
  5590 | D:5      | Noticed Dowan
  5593 | D:5      | Noticed Duvessa
  5594 | D:5      | Found Ethy's Magic Scroll Shoppe.
  5598 | D:5      | Killed Dowan
  5599 | D:5      | Reached skill level 5 in Unarmed Combat
  5599 | D:5      | Reached skill level 5 in Transmutations
  5787 | D:5      | Found Valuywn's Book Boutique.
  5817 | D:5      | Noticed Blork the orc
  5822 | D:5      | Killed Blork the orc
  5901 | D:5      | Reached XP level 8. HP: 35/54 MP: 13/13
  6014 | D:5      | Learned a level 4 spell: Ice Form
  6061 | D:5      | HP: 1/54 [Duvessa/+0 short sword of venom (14)]
  6069 | D:5      | Killed Duvessa
  6070 | D:5      | Reached skill level 1 in Ice Magic
  6070 | D:5      | Reached skill level 1 in Invocations
  6252 | D:5      | Bought a scroll of poison for 40 gold pieces
  6669 | D:5      | Reached ** piety under Okawaru
  6727 | D:5      | Found Ylipleits's Magic Scroll Boutique.
  7234 | D:6      | Reached XP level 9. HP: 58/58 MP: 15/15
  7237 | D:6      | Learned a level 2 spell: Blink
  7257 | D:6      | Reached skill level 6 in Unarmed Combat
  7293 | D:6      | Reached *** piety under Okawaru
  7359 | D:6      | Reached skill level 1 in Translocations
  7534 | D:6      | Noticed Menkaure
  7541 | D:6      | Killed Menkaure
  8147 | D:7      | Found a staircase to the Ecumenical Temple.
  8153 | Temple   | Entered the Ecumenical Temple
  8253 | D:7      | Reached skill level 5 in Fighting
  8257 | D:7      | Reached skill level 7 in Unarmed Combat
  8466 | D:7      | Found Guogah's Distillery.
  8491 | D:7      | Reached **** piety under Okawaru
  8824 | D:7      | Noticed a hornet
  8839 | D:7      | Killed a hornet
  9043 | D:7      | Reached XP level 10. HP: 67/67 MP: 16/16
  9511 | D:7      | Reached skill level 5 in Spellcasting
  9529 | D:7      | Reached skill level 8 in Unarmed Combat
  9529 | D:7      | Reached skill level 5 in Invocations
  9708 | D:7      | Reached ***** piety under Okawaru
  9769 | D:7      | Received a gift from Okawaru
  9801 | D:7      | Noticed a seven-headed hydra
  9810 | D:7      | Killed a seven-headed hydra
 10113 | D:7      | Identified the +9 lajatang "Bousoig" {flame, Will+ Str+4
                  | Int+4}
 10270 | D:4      | Bought the ring "Kidaute" {rPois rN+ MP+9 Slay+2} for 438
                  | gold pieces
 11439 | D:8      | Found a shadowy altar of Dithmenos.
 11614 | D:5      | Bought a scroll of blinking for 112 gold pieces
 11742 | D:9      | Reached skill level 9 in Unarmed Combat
 11742 | D:9      | Reached XP level 11. HP: 40/75 MP: 18/18
 12024 | D:9      | Found a hide-covered altar of Uskayaw.
 12100 | D:9      | Noticed a tengu warrior
 12100 | D:9      | Noticed a centaur warrior
 12100 | D:9      | Noticed a centaur warrior
 12124 | D:8      | Killed a tengu warrior
 12125 | D:8      | Reached skill level 1 in Evocations
 12525 | D:9      | Identified the +10 long sword of Okawaru {freeze, rC++
                  | Str+5 Int-4} (Okawaru gifted it to you on level 9 of the
                  | Dungeon)
 12525 | D:9      | Received a gift from Okawaru
 12585 | D:9      | Killed a centaur warrior
 12757 | D:9      | Killed a centaur warrior
 12758 | D:9      | Reached skill level 5 in Dodging
 13514 | D:9      | Noticed a cyan ugly thing
 13517 | D:9      | Noticed a manticore
 13526 | D:9      | Noticed a purple ugly thing
 13534 | D:9      | Identified the +1 plate armour of Precision Catastrophes
                  | {rF+ Will++}
 13559 | D:9      | Killed a green ugly thing
 13565 | D:9      | Killed a purple ugly thing
 13731 | D:9      | Killed a manticore
 13732 | D:9      | Reached skill level 10 in Unarmed Combat
 13951 | D:9      | Noticed a cyclops
 14058 | D:9      | Noticed a centaur warrior
 14336 | D:9      | Mangled by a centaur warrior

Illustrated notes

Levels and vault maps discovered:
D:1:      matt_arrival_grand_opening, layout_basic, serial_shops,
          nicolae_shop_statue_plus, shop
D:2:      minmay_general_purpose_star, layout_loops_ring,
          shapermc_ecumenical_altar_pompeii, serial_shops,
          nicolae_lakefront_shop
D:3:      layout_basic, nicolae_qazlal_style_of_elements,
          okawaru_metal_pillars_1_2, serial_shops, shop,
          nicolae_shop_waterfront, nicolae_square_shop,
          kennysheep_generic_room_13
D:4:      black_bear_nest_1, layout_basic, nicolae_vehumet_radiance,
          enter_ossuary_3, serial_shops, nicolae_inconvenience_store
D:5:      layout_rooms, serial_shops, nicolae_shop_hallway_stairs, shop, shop,
          shop, nrook_mini_vaults, kennysheep_windowed_goal, uniq_blork_the_orc,
          uniq_duvessa
D:6:      layout_cave_pools, uniq_menkaure
D:7:      kennysheep_windowed_halls, layout_basic,
          minmay_temple_entry_enclosed_plants, serial_shops, shop_fountains
D:8:      layout_rooms, kennysheep_little_box, special_room [special_room_orc]
D:9:      minmay_the_grid_triangle_9x9_recursive_2_mashed
          [minmay_the_grid_triangle_9x9_prize_top_heavy,
          minmay_the_grid_triangle_9x9_descending_squares,
          minmay_the_grid_triangle_9x9_windchime,
          minmay_the_grid_triangle_9x9_warning], layout_basic,
          mainiacjoe_overflow_cross_hatched, jmf_multi_god_temple,
          hiddenorc2_lemuel, ebering_ghost_gozag, blue_anna_alchemist,
          uniq_psyche
Temple:   nicolae_temple_ecumenical_triangle

Skill      XL: |  1  2  3  4  5  6  7  8  9 10 11 |
---------------+----------------------------------+-----
Transmutations | 3 4 5 6 7 |  7.4
Poison Magic   | 1 3 |  3.0
Fighting       | 2 3 4 5 7 |  7.4
Unarmed Combat | 4 5 7 9 10 | 10.1
Spellcasting   | 3 4 5 6 |  6.0
Dodging        | 3 4 5 |  5.0
Ice Magic      | 3 4 |  4.0
Invocations    | 3 4 6 7 |  7.0
Translocations | 2 |  2.0
Evocations     | 3 |  3.0

Action                   |  1- 3 |  4- 6 |  7- 9 | 10-12 || total
-------------------------+-------+-------+-------+-------++-------
Melee: Unarmed           |    64 |    41 |   211 |   304 ||   620
       Kick              |    19 |     7 |       |       ||    26
       Constrict         |    17 |    21 |    10 |     1 ||    49
       Tentacles         |    13 |    12 |    12 |     1 ||    38
       Punch             |     1 |     1 |     2 |       ||     4
       Mace              |       |    64 |    39 |     8 ||   111
Throw: Stone             |     1 |     3 |     2 |     1 ||     7
       Dart              |       |     1 |     2 |       ||     3
       Boomerang         |       |     1 |       |       ||     1
 Cast: Beastly Appendage |    25 |     9 |       |       ||    34
       Spider Form       |       |     3 |     7 |     1 ||    11
       Ice Form          |       |       |    16 |    42 ||    58
       Blink             |       |       |       |     3 ||     3
Invok: Heroism           |       |       |       |     4 ||     4
       Finesse           |       |       |       |     2 ||     2
Evoke: Wand              |       |       |       |     4 ||     4
  Use: Scroll            |     4 |     5 |     4 |     5 ||    18
       Potion            |       |       |     5 |       ||     5
 Stab: Sleeping          |     7 |     7 |     1 |       ||    15
Armor: Skin              |     7 |     6 |    31 |    64 ||   108
Dodge: Dodged            |    47 |    52 |   251 |   273 ||   623
